 Dungeon Crawl Stone Soup version 0.29-a0-878-g7b45a56547 (webtiles) character file.

Game seed: 1183775675901264978

66 Locuples the Sneak (level 3, -7/28 HPs)
             Began as a Demonspawn Brigand on July 20, 2022.
             Mangled by a gnoll
             ... wielding a +0 spear
              (8 damage)
             ... on level 4 of the Dungeon.
             The game lasted 00:04:10 (2931 turns).

Locuples the Sneak (Demonspawn Brigand)             Turns: 2931, Time: 00:04:10

Health: -7/28      AC:  5    Str: 11    XL:     3   Next: 96%
Magic:  3/3        EV: 11    Int: 12    God:
Gold:   136        SH:  0    Dex: 16    Spells: 2/2 levels left

rFire   . . .      SeeInvis .   a - +2 dagger
rCold   . . .      Faith    +   (no shield)
rNeg    . . .      Spirit   .   b - +0 robe
rPois   .          Reflect  .   (no helmet)
rElec   .          Harm     .   c - +0 cloak
rCorr   .          Rampage  .   (no gloves)
Will    .....                   n - +0 pair of boots
Stlth   +++.......              m - amulet of faith
HPRegen 0.09/turn               (no ring)
MPRegen 0.08/turn               (no ring)

@: no status effects
A: rugged brown scales 1, powered by death 1
a: no special abilities


You were on level 4 of the Dungeon.
You visited 1 branch of the dungeon, and saw 4 of its levels.

You collected 136 gold pieces.

Inventory:

Hand Weapons
 a - a +2 dagger (weapon)
Missiles
 d - 11 poisoned darts (quivered)
 e - 3 curare-tipped darts
Armour
 b - a +0 robe (worn)
 c - a +0 cloak (worn)
 n - a +0 pair of boots (worn)
Jewellery
 h - a +4 ring of evasion
 m - an amulet of faith (around neck)
 o - a ring of ice
Scrolls
 f - a scroll of immolation {unknown}
 j - 2 scrolls of blinking
 p - a scroll of enchant weapon
 r - a scroll of magic mapping {unknown}
Potions
 g - a potion of flight {unknown}
 k - a potion of brilliance
 l - a potion of degeneration {unknown}
 q - a potion of invisibility {unknown}


   Skills:
 + Level 2.3 Fighting
 + Level 2.2 Short Blades
 - Level 1.7 Throwing
 - Level 0.8 Dodging
 + Level 4.9 Stealth


You had 2 spell levels left.
You didn't know any spells.
Your spell library contained the following spells:

 Spells                   Type           Power      Damage    Failure   Level
 Freeze                   Ice            0%         1d3       32%         1
 Magic Dart               Conj           0%         1d3       32%         1
 Slow                     Hex            0%         N/A       32%         1
 Sting                    Tmut/Pois      0%         1d3       32%         1
 Call Imp                 Summ           0%         N/A       45%         2
 Poisonous Vapours        Pois/Air       0%         N/A       45%         2
 Confusing Touch          Hex            0%         N/A       69%         3
 Frozen Ramparts          Ice            0%         1d2       69%         3
 Gell's Gravitas          Tloc           0%         N/A       69%         3
 Lesser Beckoning         Tloc           0%         N/A       69%         3
 Mephitic Cloud           Conj/Pois/Air  0%         N/A       69%         3
 Teleport Other           Tloc           0%         N/A       69%         3
 Vampiric Draining        Necr           0%         2d6       69%         3
 Hailstorm                Conj/Ice       0%         3d3       97%         4
 Olgreb's Toxic Radiance  Pois           0%         N/A       97%         4


Dungeon Overview and Level Annotations

Branches:
Dungeon (4/15)
 Temple: D:4-7

Altars:


Innate Abilities, Weirdness & Mutations

You are partially covered in rugged brown scales. (AC +1, +3% HP)
You regenerate a little health from kills.


Message History

You feel less attractive to monsters.
HP restored.
There is a stone staircase leading up here.
A gnoll comes into view. It is wielding a +0 spear.
Found a scroll labelled PASOLE NUEMN.
A gnoll comes into view. It is wielding a +1 vorpal spear.
The gnoll shouts!
A gnoll comes into view. It is wielding a +0 whip.
The gnoll hits you from afar with a +0 spear.
The gnoll shouts!
The gnoll hits you with a +0 spear.
You barely miss the gnoll. The gnoll hits you with a +0 spear.
The gnoll hits you from afar with a +1 vorpal spear.
You hit the gnoll but do no damage. The gnoll hits you with a +0 spear.
The gnoll barely misses you.
You hit the gnoll.
The gnoll is lightly wounded.
The gnoll hits you but does no damage. The gnoll barely misses you.
You hit the gnoll but do no damage.
The gnoll is lightly wounded.
The gnoll misses you. The gnoll barely misses you.
You hit the gnoll but do no damage.
The gnoll is lightly wounded.
You hit the gnoll but do no damage.
The gnoll is lightly wounded.
The gnoll hits you but does no damage.
The gnoll hits you from afar with a +1 vorpal spear.
* * * LOW HITPOINT WARNING * * *
x2 You hit the gnoll.
The gnoll is lightly wounded.
The gnoll completely misses you.
The gnoll hits you from afar with a +1 vorpal spear.
* * * LOW HITPOINT WARNING * * *
x2 You barely miss the gnoll.
The gnoll is lightly wounded.
The gnoll hits you but does no damage. The gnoll misses you.
You hit the gnoll.
The gnoll is moderately wounded.
The gnoll hits you with a +0 spear!
You die...

###
#.#########
#.........#
#.#######.#
#.# #.# #.#
#.# #@# #.#
#g# #.# #g#
#.# #g#
###.# #.#
###...# #.#
#.+..<# #.#
#.#.).# #.#
#.#...#
#.#...#


You could see 3 gnolls.

Vanquished Creatures
  A gnoll (D:1)
  An adder (D:3)
  A worm (D:2)
  2 dart slugs (D:1)
  2 orcs
  An endoplasm (D:2)
  2 giant cockroaches (D:3)
  3 goblins
  6 hobgoblins
  6 kobolds
  2 quokkas
  3 ball pythons
  A bat (D:2)
  A frilled lizard (D:1)
  6 rats
38 creatures vanquished.

Vanquished Creatures (others)
  9 plants
9 creatures vanquished.

Grand Total: 47 creatures vanquished

Notes
Turn   | Place    | Note
-------+----------+-------------------------------------------
     0 | D:1      | Locuples the Demonspawn Brigand began the quest for the
                  | Orb.
     0 | D:1      | Reached XP level 1. HP: 16/16 MP: 1/1
   355 | D:1      | Reached skill level 4 in Stealth
   540 | D:1      | Gained mutation: You are partially covered in rugged brown
                  | scales. (AC +1, +3% HP) [demonic ancestry]
   540 | D:1      | Reached XP level 2. HP: 16/22 MP: 2/2
  1223 | D:1      | Found a faded altar of an unknown god.
  1537 | D:2      | Gained mutation: You regenerate a little health from kills.
                  | [demonic ancestry]
  1537 | D:2      | Reached XP level 3. HP: 24/27 MP: 3/3
  2929 | D:4      | HP: 1/28 [gnoll/+1 vorpal spear (1)]
  2931 | D:4      | Mangled by a gnoll

Illustrated notes

Levels and vault maps discovered:
D:1:      spicycebolla_green_bress_n_ham_2, layout_basic,
          chequers_ecumenical_altar_lobes
D:2:      layout_loops_ring, minmay_misc_feat_pillars
D:3:      layout_basic, minitemple, chequers_serial_rivers_micro_c,
          nicolae_grassy_gnolls
D:4:      layout_basic, kennysheep_mini, uniq_menkaure

Skill      XL: |  1  2 |
---------------+-------+-----
Stealth        | 4 |  4.9
Short Blades   | 2 |  2.2
Fighting       | |  2.3
Throwing       | |  1.7
Dodging        | |  0.8

Action                   || total
-------------------------++-------
Melee: Dagger            ||   119
       Punch             ||     2
  Use: Scroll            ||     3
       Potion            ||     1
 Stab: Sleeping          ||     9
       Distracted        ||     1
Armor: Robe              ||    24
Dodge: Dodged            ||    57

Table legend: (Time is in decaauts)
 A = Elapsed time spent in this place.
 B = Non-inter-level travel time spent in this place.
 C = Inter-level travel time spent in this place.
 D = Time resting spent in this place.
 E = Time spent auto-exploring this place.
 F = Levels seen in this place.
 G = Mean time per level.
                   A        B        C        D        E       F      G
               +--------+--------+--------+--------+--------+-----+--------+
         Total |   2922 |   2922 |      0 |    122 |   2242 |   4 |  730.5 |
       Dungeon |   2922 |   2922 |      0 |    122 |   2242 |   4 |  730.5 |
               +--------+--------+--------+--------+--------+-----+--------+

Top non-repeatable levels by time:
     D:1: 1307 daAuts
     D:2: 899 daAuts
     D:3: 444 daAuts
     D:4: 270 daAuts
